 Dungeon Sprint DCSS version 0.17.0-27-g4a3f43e (webtiles) character file.

273 oplop the Covert (level 6, -8/28 HPs)
             Began as a Vine Stalker Enchanter on Nov 21, 2015.
             Mangled by a slime creature (18 damage)
             ... in the Dungeon (Sprint I: "Red Sonja").
             The game lasted 00:01:45 (165 turns).

oplop the Covert (Vine Stalker Enchanter)            Turns: 165, Time: 00:01:45

Health: -8/28      AC:  3    Str: 10    XL:     6   Next: 23%
Magic:  0/15       EV: 15    Int: 16    God:
Gold:   162        SH:  0    Dex: 16    Spells: 5 memorised, 4 levels left

rFire  . . .     SeeInvis .     a - +1 dagger
rCold  . . .     Clarity  .     b - +1 robe
rNeg   . . .     SustAt   .     (no shield)
rPois  .         Gourm    .     (no helmet)
rElec  .         Spirit   +     (no cloak)
rCorr  .         Warding  .     (no gloves)
rMut   .         NoTele   +     (no boots)
MR     .....                    (no amulet)
Stlth  ++++......               (no ring)
                                (no ring)

@: not resistant to hostile enchantments, stealthy
A: fangs 2, regeneration 2, magic shield, antimagic bite, no device heal 3, rot
immunity
a: no special abilities


You were in the Dungeon.
You were not hungry.

You visited 1 branch You collected 162 gold pieces.

Inventory:

Hand Weapons
 a - a +1 dagger (weapon)
Armour
 b - a +1 robe (worn)
Scrolls
 j - a scroll of blinking
Potions
 e - a potion of curing
 f - a potion of heal wounds
 g - a potion of haste
 h - 2 potions of magic
Books
 c - a book of Maledictions

   Spells                             Type                      Level
   a - Corona                         Hexes                        1
   b - Ensorcelled Hibernation        Hexes/Ice                    2
   c - Confuse                        Hexes                        3
   d - Tukima's Dance                 Hexes                        3
   e - Dazzling Spray                 Conjuration/Hexes            3
Comestibles
 d - a bread ration


   Skills:
 + Level 4.9 Short Blades
 + Level 4.7 Dodging
 + Level 8.1 Stealth
 + Level 5.8 Spellcasting
 + Level 6.8 Hexes


You had 4 spell levels left.
You knew the following spells:

 Your Spells              Type           Power        Failure   Level  Hunger
a - Corona                Hex            ####...      1%          1    None
b - Ensorcelled Hibernat  Hex/Ice        ###...       8%          2    #......
c - Confuse               Hex            ####....     2%          3    ##.....
d - Tukima's Dance        Hex            ####....     2%          3    ##.....
e - Dazzling Spray        Conj/Hex       ###.....     12%         3    ##.....


Dungeon Overview and Level Annotations

Branches:
Dungeon (1/1)

Altars:
Cheibriados
Dithmenos
Fedhas
Jiyva


Innate Abilities, Weirdness & Mutations

You have extremely sharp teeth.
You heal very quickly.
When hurt, damage is shared between your health and your magic reserves.
Your bite disrupts and absorbs the magic of your enemies.
Potions and wands cannot restore your health.
You are immune to rotting.


Message History

You bite the slime creature, but do no damage.
The slime creature is lightly wounded.
The slime creature hits you!
Ouch! That really hurt!
* * * LOW HITPOINT WARNING * * *
There is an open door here.
You see here a giant spiked club.
There is an open door here.
There is an open door here.
Casting: Confuse
Confirm with . or Enter, or press ? or * to list all spells.
Aiming: Ensorcelled Hibernation
Press: ? - help, Shift-Dir - straight line, f/p - slime creature
Aim: a slime creature (chance to defeat MR: 28%)
The slime creature easily resists.
The slime creature barely misses you.
You hit the slime creature but do no damage.
You bite the slime creature, but do no damage.
The slime creature hits you!!
Ouch! That really hurt!
You die...

##################
#<.#..'..#.)'..#__
#..'..#.)'..#..'..
#..#####'#####+#__
#..# #..# ## #@J#
#### #..# #⌠⌠#
####


You could see a slime creature.

Vanquished Creatures
  Sigmund (D)
  An ogre (D)
  Ijyb (D)
3 creatures vanquished.

Vanquished Creatures (others)
  A gargoyle (D)
1 creature vanquished.

Grand Total: 4 creatures vanquished

Notes
Turn   | Place    | Note
--------------------------------------------------------------
     0 | D        | oplop the Vine Stalker Enchanter began the quest for the Orb.
     0 | D        | Reached XP level 1. HP: 9/9 MP: 4/4
     1 | D        | Noticed Ijyb
    13 | D        | Killed a gargoyle
    16 | D        | Killed Ijyb
    16 | D        | Reached skill level 4 in Stealth
    16 | D        | Reached XP level 2. HP: 7/13 MP: 1/7
    16 | D        | Reached XP level 3. HP: 8/16 MP: 1/8
    70 | D        | Noticed an ogre
    80 | D        | Killed an ogre
    80 | D        | Reached skill level 6 in Stealth
    80 | D        | Reached skill level 5 in Hexes
    80 | D        | Reached XP level 4. HP: 21/21 MP: 8/11
    80 | D        | Reached XP level 5. HP: 24/24 MP: 8/12
    85 | D        | Learned a level 3 spell: Confuse
    89 | D        | Learned a level 3 spell: Tukima's Dance
    92 | D        | Learned a level 2 spell: Ensorcelled Hibernation
    96 | D        | Learned a level 3 spell: Dazzling Spray
   111 | D        | Noticed Sigmund
   114 | D        | Killed Sigmund
   114 | D        | Reached skill level 8 in Stealth
   114 | D        | Reached skill level 5 in Spellcasting
   114 | D        | Gained mutation: You heal very quickly. [Vine Stalker growth]
   114 | D        | Reached XP level 6. HP: 28/28 MP: 12/15
   137 | D        | Found a snail-covered altar of Cheibriados.
   137 | D        | Found a viscous altar of Jiyva.
   137 | D        | Found a shadowy altar of Dithmenos.
   137 | D        | Found a blossoming altar of Fedhas.
   137 | D        | Noticed a slime creature
   165 | D        | Mangled by a slime creature

Action                   |  1- 3 |  4- 6 || total
-------------------------+-------+-------++-------
Melee: Dagger            |    18 |     7 ||    25
 Cast: Corona            |     1 |       ||     1
       Confuse           |       |     3 ||     3
       Ensorcelled Hiber |       |     1 ||     1
  Use: Potion            |     1 |       ||     1
 Stab: Sleeping          |     1 |     1 ||     2
